 Dungeon Crawl Stone Soup version 0.16.2-12-gd0ad4c3 (webtiles) character file.

81536 Kloppie the Fencer (level 15, 0/217 HPs)
             Began as a Minotaur Berserker on Nov 3, 2015.
             Was the Champion of Trog.
             Slain by a cyan ugly thing (14 damage)
             ... on level 15 of the Dungeon.
             The game lasted 01:18:40 (25885 turns).

Kloppie the Fencer (Minotaur Berserker)            Turns: 25885, Time: 01:18:40

Health: 0/217      AC: 26    Str: 29    XL:     15   Next: 27%
Magic:  19/20      EV: 20    Int:  4    God:    Trog [******]
Gold:   519        SH:  0    Dex: 14    Spells: 0 memorised, 14 levels left

rFire  + . .     SeeInvis .     a - +6 double sword (slice)
rCold  . . .     Clarity  .     r - +4 plate armour {rPois}
rNeg   . . .     SustAb   .     (no shield)
rPois  +         Gourm    .     d - +2 hat
rElec  .         Spirit   .     D - +0 cloak
rCorr  .         Warding  .     Q - +0 pair of gloves
rMut   .         Stasis   .     (no boots)
MR     +++..                    w - amulet of faith
Stlth  ..........               O - +5 ring of evasion
                                I - ring of protection from fire

@: berserking, regenerating, very quick, extremely resistant to hostile
enchantments, extremely unstealthy
A: retaliatory headbutt, horns 2
a: Burn Spellbooks, Berserk, Trog's Hand, Brothers in Arms, Renounce Religion


You were on level 15 of the Dungeon.
You worshipped Trog.
Trog was exalted by your worship.
You were not hungry.

You visited 4 branches of the dungeon, and saw 27 of its levels.
You also visited: Labyrinth and Volcano.

You collected 2571 gold pieces.
You spent 2052 gold pieces at shops.

Inventory:

Hand weapons
 a - a +6 double sword of slicing (weapon)
 b - a +0 arbalest
 g - a +6 longbow of freezing
 i - the +2 falchion "Lifebane" {freeze, rPois}
   (You found it on level 5 of the Dungeon)

   It has been specially enchanted to freeze those struck by it, causing extra
   injury to most foes and up to half again as much damage against particularly
   susceptible opponents.
   It can also slow down cold-blooded creatures.
   It protects you from poison.
 G - the -1 triple sword of Ranwot {drain, -Tele +Inv rC++ Dex+4}
   (Trog gifted it to you on level 4 of the Orcish Mines)

   A truly terrible weapon, it drains the life of those it strikes.
   It affects your dexterity (+4).
   It greatly protects you from cold.
   It lets you turn invisible.
   It prevents most forms of teleportation.
 J - a +4 scimitar of flaming
 K - the +5 scimitar of Discomfort {slice, rElec Str+2 Stlth+}
   (You found it on level 9 of the Dungeon)

   It inflicts extra damage upon your enemies.
   It affects your strength (+2).
   It insulates you from electricity.
   It makes you more stealthy.
Missiles
 U - 13 bolts
Armour
 d - a +2 hat (worn)
 m - the +2 robe of the Lotus Blossom {rElec rF+ rN++ rCorr}
   (You found it on level 5 of the Dungeon)

   It protects you from fire.
   It insulates you from electricity.
   It greatly protects you from negative energy.
   It protects you from acid and corrosion.
 r - a +4 plate armour of poison resistance (worn)
 D - a +0 cloak (worn)
 Q - a +0 pair of gloves (worn)
Jewellery
 q - an uncursed ring of see invisible
 s - an uncursed ring of flight
 w - an amulet of faith (around neck)
 A - an uncursed ring of ice
 H - an uncursed ring of positive energy
 I - a ring of protection from fire (left hand)
 L - an uncursed amulet of resist mutation
 O - a +5 ring of evasion (right hand)
 V - the ring of the Shining Light {+/*Tele +Blink Str+2}
   (You took it off a minotaur in a labyrinth)

   [ring of teleportation]

   It causes random teleportation, and can be evoked to teleport at will.
   It affects your strength (+2).
   It lets you blink.
Magical devices
 n - a wand of disintegration (7)
 p - a wand of digging (17)
 F - a wand of paralysis (20)
 P - a wand of heal wounds (5)
 R - a wand of confusion (17)
 X - a wand of fire (13)
Scrolls
 e - a scroll of fog
 f - 6 scrolls of blinking
 l - a scroll of silence
 o - 2 scrolls of enchant armour
 t - 7 scrolls of identify
 v - 2 scrolls of recharging
 x - 9 scrolls of remove curse
 y - 4 scrolls of fear
 E - 3 scrolls of teleportation
 N - 6 scrolls of magic mapping
Potions
 h - 2 potions of heal wounds
 j - 3 potions of cancellation
 k - 6 potions of curing
 u - a potion of might
 z - 4 potions of restore abilities
 B - 5 potions of haste
 M - a potion of invisibility
 S - 3 potions of resistance
 T - 5 potions of berserk rage
Comestibles
 c - 7 bread rations
 C - a royal jelly


   Skills:
 - Level 16.4 Fighting
 - Level 17.4 Long Blades
 + Level 14.7 Armour
 + Level 12.8 Dodging
 + Level 6.0 Evocations


You had 14 spell levels left.
You didn't know any spells.

Dungeon Overview and Level Annotations

Branches:
Dungeon (15/15)            Temple (1/1) D:6            Lair (7/8) D:11
  Swamp (0/5) Lair:5        Snake (0/5) Lair:6        Slime (0/6) Lair:6
    Orc (4/4) D:11            Elf (0/3) Orc:4        Vaults (0/5) D:13
 Depths (0/5) D:15

Altars:
Ashenzari
Cheibriados
Dithmenos
Fedhas
Gozag
Kikubaaqudgha
Makhleb
Nemelex Xobeh
Okawaru
Qazlal
Ru
Sif Muna
Trog
Vehumet
Xom
Yredelemnul
Zin
The Shining One
Lugonu

Shops:
D:2 *   D:5 (   D:8 (   D:9 ?   Orc:2 ?   Orc:4 !*[:

Portals:
Trove: D:12 (give +6 demon blade)

Annotations:
D:8 exclusion: 2 oklob saplings
Lair:4 exclusion: oklob plant


Innate Abilities, Weirdness & Mutations

You reflexively headbutt those who attack you in melee.
You have a pair of horns on your head.


Message History

The cyan ugly thing is moderately wounded.
You slice the cyan ugly thing!!
You kill the cyan ugly thing!
Trog accepts your kill.
Your Evocations skill increases to level 6!
You closely miss the cyan ugly thing.
Your headbutt misses the cyan ugly thing.
The cyan ugly thing is lightly wounded.
The cyan ugly thing tentacle-slaps you but does no damage.
You barely miss the cyan ugly thing. You headbutt the cyan ugly thing!
The cyan ugly thing is moderately wounded.
You slash the cyan ugly thing! You headbutt the cyan ugly thing.
The cyan ugly thing is severely wounded.
You completely miss the cyan ugly thing.
Your headbutt misses the cyan ugly thing.
The cyan ugly thing is severely wounded.
The cyan ugly thing tentacle-slaps you.
* * * LOW HITPOINT WARNING * * *
The cyan ugly thing shocks you!
You die...

..≈§≈≈#≈§≈≈§.# ...
##..≈≈≈≈≈≈≈..#####...
...............)).....
.........(((<..(()..###
......./....#######..#
............# #..#
............# #..#
.......††....# #..#
........@....# #..#
.......u.....# #..#
......./....# #..#
............# #..
..............
......(......
...<....... ......###
...


You could see a cyan ugly thing.

Vanquished Creatures
  A minotaur (Lab)
  Snorg (Orc:2)
  5 vault guards
  Fannar (D:10)
  Harold (Lair:5)
  2 hydras (Lair:7)
  4 ogre magi (Orc:4)
  The ghost of Kloppie the Basher, a powerful GrFi of the Shining One (D:11)
  2 tengu warriors (D:13)
  4 centaur warriors
  Urug (D:12)
  Nergalle (D:11)
  4 skeletal warriors (D:14)
  Erolcha (Orc:2)
  2 unseen horrors
  4 hill giants
  2 orc knights
  3 orc sorcerers
  3 wizards
  3 cyclopes
  7 ugly things
  A griffon (D:13)
  A manticore (D:11)
  Joseph (Orc:4)
  3 gargoyles
  A torpor snail (Lair:6)
  5 elephants (Lair:6)
  14 black mambas
  Psyche (Orc:2)
  6 spiny frogs
  An efreet (D:9)
  3 fire drakes
  8 komodo dragons
  The ghost of Galdon the Magician, an experienced DEWz (D:6)
  8 trolls
  A fire vortex (Volcano)
  5 blink frogs (Lair:6)
  Grinder (D:4)
  A polar bear (Lair:7)
  2 ravens (D:13)
  2 basilisks
  16 two-headed ogres (Orc:4)
  A wyvern (D:14)
  3 hippogriffs
  9 vampire mosquitoes
  Eustachio (D:10)
  49 yaks
  5 fire elementals (Volcano)
  Grum (D:12)
  2 deep elf magi
  3 mottled dragons
  2 shadows
  2 humans (D:13)
  A warg (Orc:2)
  A deep elf fighter (D:13)
  A hungry ghost (D:10)
  12 water moccasins
  11 wolves
  15 porcupines
  A swamp drake (D:11)
  3 necrophages
  2 black bears
  21 orc warriors
  2 wasps
  37 ogres
  3 phantoms
  3 sky beasts
  An eye of draining (D:14)
  4 wandering mushrooms (D:8)
  A boring beetle (Lair:7)
  5 ice beasts
  11 crocodiles
  A brain worm (Lair:7)
  18 centaurs
  4 big kobolds
  21 giant frogs
  A wyvern zombie (D:13)
  A water moccasin skeleton (D:12)
  4 scorpions
  4 electric eels
  12 killer bees
  9 crimson imps
  2 giant frog zombies
  A human zombie (D:13)
  A quasit (D:11)
  3 centaur zombies
  9 jellies
  14 hounds
  23 orc priests
  4 centaur skeletons
  3 giant frog skeletons
  23 orc wizards
  11 iguanas
  14 worker ants
  31 sheep
  2 killer bee zombies
  2 hound zombies
  Terence (D:3)
  A hound skeleton (D:4)
  A worker ant zombie (D:9)
  9 gnolls
  33 river rats
  20 adders
  A giant mite (D:3)
  4 shadow imps
  2 worms
  2 adder zombies
  4 oozes (Lair:6)
  203 orcs
  4 ball pythons
  A bat zombie (D:7)
  17 goblins
  21 hobgoblins
  17 jackals
  14 quokkas
  12 bats
  4 giant cockroaches
  5 giant geckos
  2 giant gecko skeletons
  A giant gecko zombie (D:5)
  4 giant newts
  3 giant spores
  35 kobolds
  16 rats
  3 spectral orcs (D:11)
  17 ballistomycetes
  A fungus (Lair:7)
1024 creatures vanquished.

Vanquished Creatures (others)
  A spiny frog (Lair:6)
  A fire vortex (Volcano)
  A giant frog (D:9)
  An iguana (D:11)
  3 giant spores
  4 fungi
  3 plants
14 creatures vanquished.

Grand Total: 1038 creatures vanquished

Notes
Turn   | Place    | Note
--------------------------------------------------------------
     0 | D:1      | Kloppie, the Minotaur Berserker, began the quest for the Orb.
     0 | D:1      | Reached XP level 1. HP: 19/19 MP: 1/1
   335 | D:1      | Reached XP level 2. HP: 24/26 MP: 1/1
   337 | D:1      | Reached skill level 4 in Long Blades
   722 | D:1      | Acquired Trog's second power
  1016 | D:2      | Reached XP level 3. HP: 25/31 MP: 2/2
  1042 | D:2      | Found an opulent altar of Gozag.
  1051 | D:2      | Found Gozag's Platinum Reserve.
  1508 | D:3      | Reached skill level 5 in Long Blades
  1524 | D:3      | Noticed Terence
  1529 | D:3      | Killed Terence
  1529 | D:3      | Reached XP level 4. HP: 37/39 MP: 2/2
  2034 | D:3      | Reached XP level 5. HP: 33/45 MP: 2/2
  2450 | D:3      | Reached skill level 6 in Long Blades
  2454 | D:3      | Found a deep blue altar of Sif Muna.
  2609 | D:3      | Reached skill level 5 in Armour
  2664 | D:4      | Acquired Trog's third power
  2681 | D:4      | Found a burning altar of Makhleb.
  2767 | D:4      | Noticed Grinder
  2787 | D:5      | Entered Level 5 of the Dungeon
  2847 | D:4      | Killed Grinder
  2847 | D:4      | Reached XP level 6. HP: 14/53 MP: 3/3
  3287 | D:5      | Found Catan's Weapon Boutique.
  3356 | D:5      | Found a stormy altar of Qazlal.
  3457 | D:5      | Got a slimy falchion
  3463 | D:5      | Identified the +2 falchion "Lifebane" {freeze, rPois} (You found it on level 5 of the Dungeon)
  3663 | D:5      | Found a shimmering altar of Xom.
  3690 | D:5      | Got a heavy robe
  3691 | D:5      | Identified the +2 robe of the Lotus Blossom {rElec rF+ rN++ rCorr} (You found it on level 5 of the Dungeon)
  3735 | D:5      | Reached skill level 7 in Long Blades
  3735 | D:5      | Reached XP level 7. HP: 50/60 MP: 3/3
  3893 | D:5      | Reached skill level 5 in Fighting
  3994 | D:5      | Found a basalt altar of Yredelemnul.
  4128 | D:6      | Found a staircase to the Ecumenical Temple.
  4293 | D:6      | Reached skill level 8 in Long Blades
  4305 | D:6      | Found an iron altar of Okawaru.
  4340 | Temple   | Entered the Ecumenical Temple
  4444 | D:6      | Reached XP level 8. HP: 28/70 MP: 3/3
  4608 | D:6      | Found an iron altar of Okawaru.
  4644 | D:6      | Noticed Galdon's ghost (experienced DEWz)
  4785 | D:6      | Killed Galdon's ghost
  4785 | D:6      | Reached skill level 5 in Dodging
  4845 | D:6      | You fall through a shaft for 2 floors!
  4891 | D:8      | Reached skill level 9 in Long Blades
  5041 | D:8      | Noticed a troll
  5054 | D:8      | Killed a troll
  5310 | D:7      | Reached XP level 9. HP: 67/80 MP: 4/4
  5313 | D:7      | Found an iron altar of Okawaru.
  5445 | D:6      | Reached skill level 10 in Long Blades
  6394 | D:7      | Received a gift from Trog
  6746 | D:8      | Found Soumpoymn's Weapon Emporium.
  6821 | D:8      | You fall through a shaft!
  6849 | D:9      | Noticed a wizard
  6851 | D:9      | Noticed an efreet
  6855 | D:9      | Killed a wizard
  6855 | D:9      | Reached skill level 11 in Long Blades
  6855 | D:9      | Reached XP level 10. HP: 47/92 MP: 4/4
  6865 | D:9      | Killed an efreet
  7012 | D:9      | Got a crystal scimitar
  7015 | D:9      | Identified the +5 scimitar of Discomfort {slice, rElec Str+2 Stlth+} (You found it on level 9 of the Dungeon)
  7035 | D:9      | Reached skill level 10 in Fighting
  7166 | D:9      | Found a deep blue altar of Sif Muna.
  7216 | D:9      | Found a bloodstained altar of Trog.
  7216 | D:9      | Found a snail-covered altar of Cheibriados.
  7262 | D:9      | Found a stormy altar of Qazlal.
  7268 | D:9      | Found a shattered altar of Ashenzari.
  7636 | D:8      | Noticed a wandering mushroom
  7647 | D:8      | Killed a wandering mushroom
  7753 | D:8      | Noticed a wandering mushroom
  7755 | D:8      | Killed a wandering mushroom
  7758 | D:8      | Found a blossoming altar of Fedhas.
  7758 | D:8      | Noticed a wandering mushroom
  7758 | D:8      | Noticed a wandering mushroom
  7768 | D:8      | Killed a wandering mushroom
  7920 | D:8      | Killed a wandering mushroom
  8392 | D:9      | Found a shimmering altar of Xom.
  8394 | D:9      | Found a glowing silver altar of Zin.
  8394 | D:9      | Found a shadowy altar of Dithmenos.
  8395 | D:9      | Found an ancient bone altar of Kikubaaqudgha.
  8396 | D:9      | Found a sparkling altar of Nemelex Xobeh.
  8459 | D:9      | Found Aqoudgh's Magic Scroll Emporium.
  8462 | D:9      | Bought a scroll of magic mapping for 45 gold pieces
  8462 | D:9      | Bought 3 scrolls of identify for 78 gold pieces
  8462 | D:9      | Bought a scroll of identify for 26 gold pieces
  8462 | D:9      | Bought a scroll of identify for 26 gold pieces
  8462 | D:9      | Bought a scroll of identify for 26 gold pieces
  8462 | D:9      | Bought a scroll of identify for 26 gold pieces
  8462 | D:9      | Bought a scroll of identify for 26 gold pieces
  8488 | D:9      | Received a gift from Trog
  8623 | D:10     | Entered Level 10 of the Dungeon
  8737 | D:10     | Noticed Fannar
  8749 | D:10     | Killed Fannar
  8749 | D:10     | Reached skill level 12 in Long Blades
  9147 | D:10     | Noticed Eustachio
  9366 | D:9      | Reached XP level 11. HP: 97/102 MP: 4/4
  9564 | D:10     | Killed Eustachio
  9620 | D:10     | Reached skill level 10 in Dodging
 10017 | D:11     | Noticed a hill giant
 10028 | D:11     | Killed a hill giant
 10031 | D:11     | Reached skill level 13 in Long Blades
 10089 | D:11     | Found a labyrinth entrance.
 10091 | D:11     | Found a staircase to the Lair.
 10093 | Lab      | Entered a labyrinth
 10284 | Lab      | Noticed a minotaur
 10291 | Lab      | Killed a minotaur
 10293 | Lab      | Got a scorched ivory ring
 10294 | Lab      | Got an ichor-stained scale mail
 10301 | Lab      | Identified Iciom's Guide on Fascination
 10305 | Lab      | Identified the cursed -1 scale mail of the Midnight Sun {Regen+ MP+9 Slay-6} (You took it off a minotaur in a labyrinth)
 10355 | D:11     | Noticed Kloppie's ghost (powerful GrFi)
 10371 | D:11     | Noticed an unseen horror
 10380 | D:11     | Killed an unseen horror
 10391 | D:11     | Killed Kloppie's ghost
 10443 | D:11     | Received a gift from Trog
 11154 | D:11     | Found a shadowy altar of Dithmenos.
 11180 | D:11     | Noticed Nergalle
 11206 | D:11     | Killed Nergalle
 11253 | D:11     | Reached XP level 12. HP: 113/113 MP: 5/5
 11266 | D:11     | Reached skill level 14 in Long Blades
 11394 | D:11     | Identified the ring of the Shining Light {+/*Tele +Blink Str+2} (You took it off a minotaur in a labyrinth)
 11439 | D:11     | Received a gift from Trog
 11455 | D:11     | Found a staircase to the Orcish Mines.
 11669 | Lair:1   | Entered Level 1 of the Lair of Beasts
 12315 | Lair:1   | You fall through a shaft!
 13943 | Lair:3   | Received a gift from Trog
 14510 | Lair:3   | Reached skill level 15 in Long Blades
 15171 | Lair:4   | Found an iron altar of Okawaru.
 15772 | Lair:5   | Found a staircase to the Swamp.
 16501 | Lair:5   | Noticed Harold
 16508 | Lair:5   | Killed Harold
 16508 | Lair:5   | Reached skill level 10 in Armour
 16508 | Lair:5   | Reached XP level 13. HP: 82/125 MP: 5/5
 16902 | Lair:6   | Found a dark tunnel.
 16981 | Volcano  | Entered a volcano
 17233 | Lair:6   | Found a staircase to the Snake Pit.
 17726 | Lair:6   | Found a staircase to the Slime Pits.
 17931 | Lair:6   | Reached skill level 15 in Fighting
 17965 | Lair:6   | Received a gift from Trog
 18149 | Lair:6   | Reached skill level 16 in Long Blades
 18639 | Lair:6   | Received a gift from Trog
 19934 | Lair:6   | Received a gift from Trog
 20389 | Orc:1    | Entered Level 1 of the Orcish Mines
 20828 | Orc:1    | Received a gift from Trog
 20893 | Orc:2    | Found Ititait's Magic Scroll Boutique.
 21054 | Orc:2    | Bought a scroll of acquirement for 780 gold pieces
 21326 | Orc:3    | Received a gift from Trog
 21380 | Orc:3    | Found a deep blue altar of Sif Muna.
 21545 | Orc:2    | Noticed Snorg
 21552 | Orc:2    | Killed Snorg
 21552 | Orc:2    | Reached XP level 14. HP: 136/136 MP: 5/5
 21594 | Orc:2    | Noticed Psyche
 21603 | Orc:2    | Killed Psyche
 21621 | Orc:2    | Noticed Erolcha
 21632 | Orc:2    | Killed Erolcha
 21706 | Orc:4    | Entered Level 4 of the Orcish Mines
 21733 | Orc:4    | Received a gift from Trog
 21861 | Orc:4    | Paralysed by an orc sorcerer for 5 turns
 22156 | Orc:4    | Found a staircase to the Elven Halls.
 22171 | Orc:4    | Noticed Joseph
 22179 | Orc:4    | Killed Joseph
 22415 | Orc:4    | Reached skill level 17 in Long Blades
 22483 | Orc:4    | Received a gift from Trog
 22545 | Orc:4    | Found Ghia's General Store.
 22545 | Orc:4    | Found Toelaech's Book Boutique.
 22545 | Orc:4    | Found Couwusch's Distillery.
 22545 | Orc:4    | Found Qoahema's Armour Shoppe.
 22786 | Orc:4    | Bought a wand of disintegration (7) for 187 gold pieces
 22786 | Orc:4    | Bought a scroll of enchant armour for 127 gold pieces
 22790 | Orc:4    | Bought a +4 plate armour of poison resistance for 705 gold pieces
 22853 | Orc:4    | Received a gift from Trog
 22861 | Orc:4    | Got a polished triple sword {god gift}
 22862 | Orc:4    | Identified the -1 triple sword of Ranwot {drain, -Tele +Inv rC++ Dex+4} (Trog gifted it to you on level 4 of the Orcish Mines)
 23069 | D:12     | Noticed Urug
 23076 | D:12     | Killed Urug
 23336 | D:12     | Noticed Grum
 23342 | D:12     | Killed Grum
 23457 | D:12     | Reached skill level 1 in Evocations
 23601 | D:12     | Found a portal to a secret trove of treasure.
 23994 | D:13     | Received a gift from Trog
 24140 | D:13     | Found a gate to the Vaults.
 24913 | D:14     | Received a gift from Trog
 24999 | D:14     | Reached XP level 15. HP: 132/145 MP: 18/18
 25067 | D:14     | Reached skill level 5 in Evocations
 25811 | D:15     | Entered Level 15 of the Dungeon
 25811 | D:15     | Found a staircase to the Depths.
 25885 | D:15     | Slain by a cyan ugly thing

Action                   |  1- 3 |  4- 6 |  7- 9 | 10-12 | 13-15 || total
-------------------------+-------+-------+-------+-------+-------++-------
Melee: Falchion          |    97 |   144 |   290 |    42 |    19 ||   592
       Great sword       |       |    12 |       |       |       ||    12
       Scimitar          |       |       |       |   241 |    15 ||   256
       Triple sword      |       |       |       |   185 |       ||   185
       Double sword      |       |       |       |   269 |  1122 ||  1391
Invok: Trog's Hand       |       |     2 |     2 |     6 |     3 ||    13
       Berserk           |       |     2 |     2 |     6 |     1 ||    11
Evoke: Wand              |       |       |       |     2 |       ||     2
  Use: Scroll            |       |    14 |     6 |    12 |     7 ||    39
 Stab: Sleeping          |       |       |     1 |     4 |       ||     5
  Eat: Chunk             |     1 |     6 |     7 |    34 |    31 ||    79
       Meat ration       |       |     1 |       |       |       ||     1
       Bread ration      |       |       |     1 |       |       ||     1
       Beef jerky        |       |       |       |     3 |       ||     3
